 Dungeon Crawl Stone Soup version 0.23.2-1-ga50397a (webtiles) character file.

Game seed: 13279879102458183871

10274 xveg the Whirler (level 11, -11/81 HPs)
             Began as a Halfling Hunter on May 9, 2019.
             Was a Priest of Fedhas.
             Mangled by a blink frog (14 damage)
             ... on level 1 of the Lair of Beasts.
             The game lasted 00:25:58 (8617 turns).

xveg the Whirler (Halfling Hunter)                  Turns: 8617, Time: 00:25:58

Health: -11/81     AC: 10    Str: 20    XL:     11   Next: 89%
Magic:  11/11      EV: 17    Int:  9    God:    Fedhas [***...]
Gold:   636        SH:  0    Dex: 17    Spells: 10/10 levels left

rFire    . . .     SeeInvis .   a - +5 hunting sling (flame)
rCold    + . .     Gourm    .   (shield restricted)
rNeg     + . .     Faith    .   d - +1 leather armour "Fesenkuo" {*Contam rC+ rN+}
rPois    .         Spirit   .   (no helmet)
rElec    .         Reflect  .   A - +2 cloak
rCorr    .         Harm     .   q - +0 pair of gloves
MR       .....                  r - +0 pair of boots
Stlth    ++........             v - amulet of rage
HPRegen  0.23/turn              i - ring of flight
MPRegen  0.12/turn              j - +5 ring of strength

@: very slightly contaminated
A: small, mutation resistance 1
a: Fungal Bloom, Sunlight, Evolution, Growth, Renounce Religion, Evoke Berserk
Rage, Evoke Flight


You were on level 1 of the Lair of Beasts.
You worshipped Fedhas.
Fedhas was most pleased with you.
You were not hungry.

You visited 2 branches of the dungeon, and saw 11 of its levels.
You also visited: Sewer and Ossuary.

You collected 636 gold pieces.

Inventory:

Hand Weapons
 a - a +5 hunting sling of flaming (weapon)
 b - the +1 short sword "Ruxuf" {venom, rElec Str+2 Int+6}
   (You found it on level 6 of the Dungeon)

   It poisons the flesh of those it strikes.
   It affects your strength (+2).
   It affects your intelligence (+6).
   It insulates you from electricity.
 x - a +2 quarterstaff of chaos
 D - a +4 long sword of holy wrath
 H - the cursed +0 flail of Muceut {pain, Int+3 Dex-5 Stlth+}
   (You found it on level 5 of the Dungeon)

   In the hands of one skilled in necromantic magic, it inflicts extra damage on
   living creatures.
   It affects your intelligence (+3).
   It affects your dexterity (-5).
   It makes you more stealthy.
   It has a curse placed upon it.
 M - a +0 short sword
 R - a +4 mace
 U - a +3 scimitar of flaming
 X - a +1 morningstar of flaming
Missiles
 m - 156 stones (quivered)
 K - 170 arrows
Armour
 c - a +0 leather armour
 d - the +1 leather armour "Fesenkuo" (worn) {*Contam rC+ rN+}
   (You found it on level 8 of the Dungeon)

   It protects you from cold.
   It protects you from negative energy.
   It causes magical contamination when unequipped.
 q - a +0 pair of gloves (worn)
 r - a +0 pair of boots (worn)
 y - a +0 cloak
 A - a +2 cloak (worn)
 V - +0 steam dragon scales
Jewellery
 i - a ring of flight (left hand)
 j - a +5 ring of strength (right hand)
 v - an amulet of rage (around neck)
 C - a -2 ring of slaying
 I - a cursed amulet of magic regeneration
 O - a +6 ring of intelligence
 Z - an uncursed ring of see invisible {unknown}
Wands
 S - a wand of polymorph (10)
 T - a wand of disintegration (15)
Scrolls
 g - 9 scrolls of identify
 k - 2 scrolls of magic mapping
 n - 2 scrolls of fear
 p - 2 scrolls of immolation
 u - 6 scrolls of teleportation
 z - a scroll of amnesia
 B - a scroll of blinking
 L - 3 scrolls of remove curse
Potions
 e - 4 potions of haste
 h - 7 potions of curing
 l - a potion of berserk rage {unknown}
 o - 3 potions of lignification {unknown}
 s - 3 potions of brilliance {unknown}
 t - 3 potions of might {unknown}
 w - 2 potions of heal wounds {unknown}
 E - 4 potions of agility {unknown}
 F - a potion of ambrosia {unknown}
 G - 2 potions of degeneration {unknown}
 J - a potion of mutation {unknown}
 N - 3 potions of flight {unknown}
 P - 3 potions of resistance {unknown}
 Q - a potion of cancellation {unknown}
Comestibles
 f - 4 rations


   Skills:
 + Level 10.2 Fighting
 + Level 1.4 Short Blades
 + Level 17.5 Slings
 + Level 4.0 Armour
 + Level 4.9 Dodging
 + Level 2.5 Stealth
 + Level 0.1 Invocations


You had 10 spell levels left.
You didn't know any spells.
Your spell library contained the following spells:

 Spells                   Type           Power        Failure   Level  Hunger
 Shock                    Conj/Air       #...         43%         1    ##.....
 Swiftness                Chrm/Air       #.......     56%         2    ###....
 Static Discharge         Conj/Air       #.......     80%         3    ####...
 Airstrike                Air            #.........   99%         4    #####..
 Lightning Bolt           Conj/Air       #.........   100%        5    ######.


Dungeon Overview and Level Annotations

Branches:
Dungeon (10/15)            Temple (0/1) D:7            Lair (1/6) D:10
    Orc: D:9-12

Altars:
Dithmenos
Elyvilon
Fedhas
Gozag
Kikubaaqudgha
Makhleb
Okawaru
Sif Muna
Trog
Uskayaw
Zin

Shops:
D:9 (


Innate Abilities, Weirdness & Mutations

You are small and have problems with some larger weapons.
You are somewhat resistant to further mutation.


Message History

Firing (i - inventory)
m - 158 stones (quivered)
Press: ? - help, Shift-Dir - straight line, f/p - blink frog
Aim: a blink frog (lightly wounded)
You shoot a stone. The stone barely misses the blink frog.
The blink frog closely misses you.
Firing (i - inventory)
m - 157 stones (quivered)
Press: ? - help, Shift-Dir - straight line, f/p - blink frog
Aim: a blink frog (lightly wounded)
You shoot a stone. The stone misses the blink frog.
The stone hits the yak.
The stone burns the yak.
The yak is lightly wounded.
The blink frog hits you!
* * * LOW HITPOINT WARNING * * *
Aiming: Disintegrate
Press: ? - help, Shift-Dir - straight line, f/p - blink frog
Aim: a blink frog (lightly wounded, chance to defeat MR: 48%)
The blink frog resists with some effort.
The blink frog hits you!
You die...
Fedhas appreciates your contribution to the ecosystem.

#.....###
#.....#.#
#....?...
#........
#........
#........
#..........
#@##.####..
#F#(.....#
#YY......#
#Y....(..#
#(F(?....#
##..P(....#.
#..P<.P.....
##.+.(....#.
#.#.P(..(#


You could see 3 yaks and 2 blink frogs.

Vanquished Creatures
  Erica (D:9)
  A gargoyle (D:10)
  A komodo dragon (D:10)
  2 trolls (D:9)
  2 blink frogs (Lair:1)
  A hippogriff (D:10)
  Eustachio (D:4)
  8 yaks
  A steam dragon (D:9)
  A water moccasin (D:6)
  A porcupine (Lair:1)
  2 ice beasts (D:9)
  A phantom (D:9)
  4 orc warriors
  7 necrophages
  6 centaurs
  7 ogres
  15 bullfrogs
  A big kobold (D:7)
  A gnoll sergeant (D:9)
  A scorpion (D:4)
  16 killer bees
  8 wights
  2 howler monkeys
  A centaur zombie (D:10)
  6 crimson imps
  3 bullfrog zombies
  3 hounds
  A gnoll shaman (D:7)
  Crazy Yiuf (D:2)
  7 orc priests
  4 jellies
  6 orc wizards
  Terence (D:3)
  4 iguanas
  Natasha (thrice) (D:2)
  3 worker ants
  A big kobold zombie (Ossuary)
  A hound zombie (D:7)
  2 hound skeletons (D:10)
  10 mummies
  3 worker ant zombies
  Robin (D:2)
  20 gnolls
  11 adders
  8 oozes
  2 adder skeletons
  A worm (D:5)
  A dart slug (D:1)
  10 leopard geckos
  33 orcs
  9 giant cockroaches
  9 goblins
  9 hobgoblins
  4 jackals
  11 quokkas
  5 ball pythons (Sewer)
  4 bats (D:1)
  11 frilled lizards
  A hobgoblin zombie (Ossuary)
  A jackal skeleton (D:6)
  11 kobolds
  2 kobold zombies (Ossuary)
  3 leopard gecko skeletons
  4 orc zombies (Ossuary)
  4 quokka zombies
  9 rats
  2 fungi (D:2)
337 creatures vanquished.

Vanquished Creatures (others)
  A fungus (Lair:1)
  4 plants (Lair:1)
  10 toadstools
15 creatures vanquished.

Grand Total: 352 creatures vanquished

Notes
Turn   | Place    | Note
-------+----------+-------------------------------------------
     0 | D:1      | xveg the Halfling Hunter began the quest for the Orb.
     0 | D:1      | Reached XP level 1. HP: 14/14 MP: 1/1
    46 | D:1      | Reached skill level 6 in Slings
   117 | D:1      | Reached XP level 2. HP: 19/19 MP: 2/2
   488 | D:2      | Noticed Natasha
   492 | D:2      | Killed Natasha
   492 | D:2      | Reached skill level 7 in Slings
   492 | D:2      | Reached XP level 3. HP: 24/24 MP: 3/3
   545 | D:2      | Reached XP level 4. HP: 23/29 MP: 4/4
   554 | D:2      | Noticed Natasha
   560 | D:2      | Killed Natasha
   747 | D:2      | Reached XP level 5. HP: 29/35 MP: 5/5
   748 | D:2      | Noticed Robin
   755 | D:2      | Reached skill level 1 in Armour
   763 | D:2      | Killed Robin
   763 | D:2      | Reached skill level 8 in Slings
   782 | D:2      | Noticed Natasha
   791 | D:2      | Killed Natasha
   915 | D:2      | Found a burning altar of Makhleb.
  1229 | D:2      | Found a runed translucent door.
  1230 | D:2      | Noticed Crazy Yiuf
  1237 | D:2      | Killed Crazy Yiuf
  1291 | D:3      | Reached XP level 6. HP: 36/42 MP: 6/6
  1502 | D:3      | Noticed Terence
  1508 | D:3      | Killed Terence
  1608 | D:3      | Reached skill level 9 in Slings
  1816 | D:4      | Found an iron altar of Okawaru.
  1816 | D:4      | Noticed Eustachio
  1833 | D:4      | Killed Eustachio
  1833 | D:4      | Reached skill level 10 in Slings
  1833 | D:4      | Reached XP level 7. HP: 47/47 MP: 7/7
  2154 | D:4      | Found a sand-covered staircase.
  2171 | Ossuary  | Entered an ossuary
  2284 | Ossuary  | Reached skill level 11 in Slings
  2505 | D:4      | Reached XP level 8. HP: 54/54 MP: 8/8
  2536 | D:4      | Found a blossoming altar of Fedhas.
  2536 | D:4      | Found a glowing silver altar of Zin.
  2874 | D:4      | Became a worshipper of Fedhas Madash
  2899 | D:5      | Entered Level 5 of the Dungeon
  3039 | D:5      | Found a shadowy altar of Dithmenos.
  3330 | D:5      | Reached skill level 12 in Slings
  3371 | D:5      | Got a polished flail
  3672 | D:6      | Found a glowing drain.
  3676 | Sewer    | Entered a sewer
  3958 | D:6      | Reached * piety under Fedhas
  4042 | D:6      | Reached skill level 5 in Fighting
  4075 | D:6      | Reached XP level 9. HP: 50/61 MP: 9/9
  4093 | D:6      | Found a hide-covered altar of Uskayaw.
  4502 | D:6      | Reached skill level 13 in Slings
  4586 | D:6      | Identified the cursed +0 flail of Muceut {pain, Int+3 Dex-5
                  | Stlth+} (You found it on level 5 of the Dungeon)
  4644 | D:6      | Got a smoking short sword
  4648 | D:6      | Identified the +1 short sword "Ruxuf" {venom, rElec Str+2
                  | Int+6} (You found it on level 6 of the Dungeon)
  4932 | D:6      | Found a bloodstained altar of Trog.
  5377 | D:7      | Found a staircase to the Ecumenical Temple.
  5529 | D:7      | Reached skill level 1 in Short Blades
  5632 | D:7      | Found an ancient bone altar of Kikubaaqudgha.
  5830 | D:7      | Reached XP level 10. HP: 69/69 MP: 10/10
  5876 | D:8      | Found an opulent altar of Gozag.
  5879 | D:8      | Reached skill level 14 in Slings
  5922 | D:8      | Got a faintly glowing leather armour
  5958 | D:8      | Identified the +1 leather armour "Fesenkuo" {*Contam rC+
                  | rN+} (You found it on level 8 of the Dungeon)
  6477 | D:8      | Reached skill level 15 in Slings
  6509 | D:8      | Reached ** piety under Fedhas
  7189 | D:9      | Found a white marble altar of Elyvilon.
  7193 | D:9      | Noticed Erica
  7205 | D:9      | Killed Erica
  7300 | D:9      | Found Vakuymn's Weapon Shoppe.
  7389 | D:9      | Reached XP level 11. HP: 56/78 MP: 11/11
  7392 | D:9      | Reached skill level 16 in Slings
  7423 | D:10     | Entered Level 10 of the Dungeon
  7828 | D:9      | Found a deep blue altar of Sif Muna.
  8316 | D:10     | Reached skill level 17 in Slings
  8442 | D:10     | Reached skill level 10 in Fighting
  8526 | D:10     | Found a staircase to the Lair.
  8564 | D:10     | Reached *** piety under Fedhas
  8576 | Lair:1   | Entered Level 1 of the Lair of Beasts
  8616 | Lair:1   | HP: 2/81 [blink frog (9)]
  8617 | Lair:1   | Mangled by a blink frog

Skill      XL: |  1  2  3  4  5  6  7  8  9 10 11 |
---------------+----------------------------------+-----
Slings         | 6 7 8 10 11 12 13 15 17 | 17.5
Fighting       | 2 3 4 5 6 8 10 | 10.2
Armour         | 1 2 3 4 |  4.0
Dodging        | 3 4 |  4.9
Stealth        | 2 |  2.5
Short Blades   | 1 |  1.4
Invocations    | |  0.1

Action                   |  1- 3 |  4- 6 |  7- 9 | 10-12 || total
-------------------------+-------+-------+-------+-------++-------
Melee: Short sword       |       |       |     7 |     8 ||    15
 Fire: Hunting sling     |    31 |   168 |   474 |   536 ||  1209
Invok: Fungal Bloom      |       |       |       |     2 ||     2
       Sunlight          |       |       |       |     1 ||     1
       Growth            |       |       |       |     1 ||     1
Evoke: Wand              |       |       |       |     1 ||     1
  Use: Scroll            |       |       |    16 |     6 ||    22
       Potion            |       |       |       |     1 ||     1
  Eat: Chunk             |       |     2 |     6 |     4 ||    12
       Ration            |       |       |     2 |     1 ||     3
Armor: Leather armour    |     2 |     3 |    23 |    31 ||    59
Dodge: Dodged            |     7 |    42 |    86 |   155 ||   290
